 Dungeon Crawl Stone Soup version 0.28.0 (webtiles) character file.

Game seed: 6847032382172914293

18329 horus123 the Prestidigitator (level 12, -9/98 HPs)
             Began as a Merfolk Gladiator on Feb 5, 2022.
             Was a High Priest of Qazlal.
             Mangled by a two-headed ogre (12 damage)
             ... on level 11 of the Dungeon.
             The game lasted 00:32:56 (9681 turns).

horus123 the Prestidigitator (Merfolk Gladiator)    Turns: 9681, Time: 00:32:57

Health: -9/98      AC: 13    Str: 20    XL:     12   Next: 57%
Magic:  19/19      EV: 25    Int:  7    God:    Qazlal [*****.]
Gold:   459        SH:  0    Dex: 24    Spells: 13/20 levels left

rFire   x . .      SeeInvis .   i - +3 halberd (freeze)
rCold   + + +      Faith    .   (shield currently unavailable)
rNeg    . . .      Spirit   .   G - +1 robe "Tasuwkad" {rF- rC+++ Str+3}
rPois   .          Reflect  .   c - +2 helmet
rElec   .          Harm     .   P - +0 cloak
rCorr   .          Rampage  .   h - +2 pair of gloves
Will    .....                   (no boots)
Stlth   +.........              r - amulet of regeneration
HPRegen 1.06/turn               g - +4 ring of evasion
MPRegen 0.16/turn               M - +6 ring of dexterity

@: confused, ambrosia-drunk, protected from physical damage, repel missiles
A: (nimble swimmer 2), mertail
a: Renounce Religion, Upheaval, Elemental Force, Disaster Area


You were on level 11 of the Dungeon.
You worshipped Qazlal.
Qazlal was extremely pleased with you.
You visited 2 branches of the dungeon, and saw 12 of its levels.

You collected 849 gold pieces.
You spent 390 gold pieces at shops.

Inventory:

Hand Weapons
 i - a +3 halberd of freezing (weapon)
 l - a +0 vorpal arbalest
Missiles
 d - 6 throwing nets (quivered)
 N - 161 bolts
Armour
 c - a +2 helmet (worn)
 h - a +2 pair of gloves (worn)
 G - the +1 robe "Tasuwkad" (worn) {rF- rC+++ Str+3}
   (You found it on level 7 of the Dungeon)

   Str:       It affects your strength (+3).
   rF:        It makes you vulnerable to fire.
   rC:        It renders you almost immune to cold.
 I - +0 steam dragon scales
 L - a +0 troll leather armour
 O - a +2 robe of the Archmagi
 P - a +0 cloak (worn)
Jewellery
 e - a ring of wizardry
 g - a +4 ring of evasion (left hand)
 o - an amulet of the acrobat
 r - an amulet of regeneration (around neck)
 s - a +6 ring of strength
 t - a ring of protection from cold
 u - a ring of see invisible
 w - a ring of wizardry
 K - a ring of poison resistance
 M - a +6 ring of dexterity (right hand)
 Q - a ring of protection from cold
Wands
 k - a wand of flame (13)
 m - a wand of iceblast (22)
 y - a wand of polymorph (2)
 J - a wand of acid (13)
Scrolls
 b - 2 scrolls of holy word
 j - 3 scrolls of magic mapping
 q - 4 scrolls of teleportation
 E - a scroll of silence
Potions
 a - 3 potions of flight
 f - a potion of cancellation
 n - a potion of attraction {unknown}
 p - 2 potions of degeneration
 v - a potion of resistance
 x - a potion of magic {unknown}
 z - a potion of ambrosia
 A - a potion of brilliance {unknown}
 B - 2 potions of mutation
 C - 2 potions of haste {unknown}
 F - 3 potions of curing
 H - a potion of might
Miscellaneous
 D - a lightning rod (4/4)


   Skills:
 - Level 10.4 Fighting
 - Level 10.3 Polearms
 - Level 2.0 Throwing
 - Level 10.2 Dodging
 + Level 4.7 Spellcasting
 - Level 10.2 Invocations
 - Level 11.1 Evocations


You had 13 spell levels left.
You knew the following spells:

 Your Spells              Type           Power      Damage    Failure   Level
a - Hailstorm             Conj/Ice       1%         3d3       96%         4
b - Frozen Ramparts       Ice            2%         1d2       65%         3

Your spell library contained the following spells:

 Spells                   Type           Power      Damage    Failure   Level
 Freeze                   Ice            4%         1d3       28%         1
 Passwall                 Tmut/Erth      0%         N/A       41%         2
 Animate Dead             Necr           0%         N/A       96%         4
 Cause Fear               Hex            0%         N/A       96%         4
 Borgnjor's Vile Clutch   Necr/Erth      0%         N/A       100%        5
 Summon Mana Viper        Hex/Summ       1%         N/A       100%        5
 Death Channel            Necr           0%         N/A       100%        6
 Malign Gateway           Summ/Tloc      0%         N/A       100%        7
 Summon Horrible Things   Summ           0%         N/A       100%        8


Dungeon Overview and Level Annotations

Branches:
Dungeon (11/15)            Temple (1/1) D:4
   Lair: D:8-11         Orc: D:9-12

Altars:
Ashenzari
Cheibriados
Dithmenos
Elyvilon
Fedhas
Gozag
Hepliaklqana
Kikubaaqudgha
Makhleb
Nemelex Xobeh
Okawaru
Qazlal
Ru
Sif Muna
Trog
Uskayaw
Vehumet
Wu Jian
Xom
Yredelemnul
Zin
The Shining One
Beogh
Ignis

Shops:
D:8 *   D:11 [

Annotations:
D:10 1 runed translucent door
D:11 exclusion: 2 oklob plants, Erolcha


Innate Abilities, Weirdness & Mutations

((You are very nimble when in or above water. (Stealth+, EV+, Speed+++)))
Your lower body shifts to a powerful aquatic tail in water.


Message History

You hear some strange, mumbled words.
Something tries to affect you, but you resist.
You block the two-headed ogre's attack. The two-headed ogre closely misses you.
You completely miss the two-headed ogre.
The two-headed ogre is heavily wounded.
Something hits you!!
* * * LOW HITPOINT WARNING * * *
You feel more protected from physical attacks.
Aiming: Upheaval
Press: ? - help, Dir - move target, f - two-headed ogre
Aim: a two-headed ogre, wielding a +0 dire flail and a +0 giant club (heavily wounded) That beam is likely to hit you.
Continue anyway?
Okay, then.
A two-headed ogre is nearby!
You puncture the two-headed ogre! You freeze the two-headed ogre.
The two-headed ogre is severely wounded.
You block the two-headed ogre's attack. The two-headed ogre barely misses you.
You hit the two-headed ogre but do no damage.
The two-headed ogre is severely wounded.
The two-headed ogre hits you with a +0 dire flail!
* * * LOW HITPOINT WARNING * * *
The two-headed ogre hits you with a +0 giant club.
* * * LOW HITPOINT WARNING * * *
You feel more protected from physical attacks.
You are confused.
You feel invigorated.
You hear some strange, mumbled words.
The two-headed ogre completely misses you.
The two-headed ogre hits you with a +0 giant club!
* * * LOW HITPOINT WARNING * * *
You feel more protected from physical attacks.
You bump into the rock wall.
You bump into the rock wall.
The two-headed ogre misses you. The two-headed ogre closely misses you.
You barely miss the two-headed ogre.
The two-headed ogre is severely wounded.
The two-headed ogre hits you with a +0 dire flail!!
* * * LOW HITPOINT WARNING * * *
The two-headed ogre hits you with a +0 giant club!
You die... #....##..#.#####..#......... ...# #...#.# #..#.##..#.## .# #.#.#.# #..#.##..#... ##.#.#.# #............ #......# #####.#####.## . #...#### #.......# #...
PPP

. #...# #.#...#.######
.PP##.#...##### #.#...#.##....
..#..#......@###....[#.##....
...#).†....○O.....#.........
###........§..###.......##....
..........#.### ##..#.####....
#.#.#.#>..#.# #..#.######## #
#...#...#.# #..#...#
###)#...#.######..#.#.######
#.......##............))≈≈
#..........#####......)≈≈.


You could see a two-headed ogre.

Vanquished Creatures
  2 minotaurs (D:11)
  Snorg (D:11)
  Harold (D:8)
  A hydra (D:11)
  4 death yaks (D:11)
  Nergalle (D:11)
  Maurice (D:11)
  A kobold demonologist (D:10)
  9 yaktaurs (D:11)
  A queen bee (D:10)
  2 trolls
  A hornet (D:11)
  Prince Ribbit (D:5)
  A meliai zombie (D:11)
  A water elemental (D:11)
  A wraith (D:7)
  12 yaks
  A steam dragon (D:8)
  Grum (D:11)
  3 vampire mosquitoes (D:10)
  Edmund (D:5)
  2 water moccasins
  2 orc warriors
  3 sky beasts
  2 black bears
  A necrophage (D:4)
  The ghost of crazypyro the Skirmisher, an amateur MiFi (D:4)
  An ice beast (D:7)
  3 ogres
  2 wolves (D:11)
  2 centaurs
  2 kobold brigands
  2 bullfrogs
  A water moccasin zombie (D:7)
  8 scorpions
  2 water moccasin skeletons
  8 wights
  20 killer bees
  2 howler monkeys
  2 electric eels
  A bullfrog zombie (D:7)
  A lava snake (D:7)
  6 centaur zombies
  A bullfrog skeleton (D:6)
  3 hounds
  3 gnoll shamans
  6 orc priests
  2 iguanas (D:5)
  8 orc wizards
  A hound zombie (D:5)
  2 hound skeletons (D:4)
  16 gnolls
  A howler monkey zombie (D:9)
  7 adders
  8 river rats (D:5)
  A howler monkey skeleton (D:7)
  A shadow imp (D:5)
  3 white imps
  2 ufetubi (D:5)
  An adder skeleton (D:4)
  A dart slug (D:3)
  21 orcs
  4 ball pythons
  5 endoplasms
  A giant cockroach (D:10)
  7 goblins
  6 hobgoblins
  7 jackals
  12 quokkas
  5 bats
  4 frilled lizards
  13 kobolds
  17 rats
  3 butterflies (D:10)
293 creatures vanquished.

Vanquished Creatures (others)
  14 plants (D:11)
14 creatures vanquished.

Grand Total: 307 creatures vanquished

Notes
Turn   | Place    | Note
-------+----------+-------------------------------------------
     0 | D:1      | horus123 the Merfolk Gladiator began the quest for the Orb.
     0 | D:1      | Reached XP level 1. HP: 16/16 MP: 1/1
    96 | D:1      | Reached skill level 5 in Polearms
   106 | D:1      | Reached XP level 2. HP: 23/23 MP: 2/2
   314 | D:1      | Found a faded altar of an unknown god.
   816 | D:2      | Reached XP level 3. HP: 29/29 MP: 3/3
   984 | D:2      | Reached skill level 5 in Dodging
  1267 | D:2      | Reached XP level 4. HP: 30/35 MP: 4/4
  1345 | D:2      | Noticed an ogre
  1370 | D:2      | Killed an ogre
  1371 | D:2      | Reached XP level 5. HP: 14/41 MP: 5/5
  1842 | D:2      | Identified a scroll of acquirement
  1842 | D:2      | Acquired a +1 halberd of freezing
  2146 | D:3      | Got the Catalogue of Stones and Bewitchment
  2169 | D:3      | Reached XP level 6. HP: 43/47 MP: 6/6
  2792 | D:4      | Noticed a necrophage
  2799 | D:4      | Killed a necrophage
  2852 | D:4      | Found an ancient bone altar of Kikubaaqudgha.
  2921 | D:4      | Reached skill level 10 in Polearms
  2921 | D:4      | Reached XP level 7. HP: 42/52 MP: 7/7
  3095 | D:4      | Found a staircase to the Ecumenical Temple.
  3109 | Temple   | Entered the Ecumenical Temple
  3201 | Temple   | Became a worshipper of Qazlal Stormbringer
  3219 | D:4      | Found an opulent altar of Gozag.
  3225 | D:4      | Found an opulent altar of Gozag.
  3243 | D:4      | Found an opulent altar of Gozag.
  3249 | D:4      | Found an opulent altar of Gozag.
  3293 | D:4      | Found a runed translucent gate.
  3293 | D:4      | Found a runed translucent gate.
  3293 | D:4      | Found a runed translucent gate.
  3312 | D:4      | Noticed crazypyro's ghost (amateur MiFi)
  3668 | D:4      | Killed crazypyro's ghost
  3754 | D:5      | Entered Level 5 of the Dungeon
  3770 | D:5      | Reached skill level 5 in Fighting
  3859 | D:5      | Found a white marble altar of Elyvilon.
  3871 | D:5      | Reached XP level 8. HP: 62/65 MP: 8/8
  4016 | D:5      | Reached * piety under Qazlal
  4284 | D:5      | Noticed Edmund
  4298 | D:5      | Killed Edmund
  4360 | D:5      | Noticed Prince Ribbit
  4388 | D:5      | Killed Prince Ribbit
  4429 | D:5      | Reached XP level 9. HP: 72/72 MP: 9/9
  4779 | D:6      | Reached skill level 10 in Dodging
  4780 | D:6      | Reached ** piety under Qazlal
  4852 | D:6      | Reached skill level 1 in Invocations
  5438 | D:7      | Found a shadowy altar of Dithmenos.
  5687 | D:7      | Reached skill level 5 in Invocations
  5800 | D:7      | Found a snail-covered altar of Cheibriados.
  5829 | D:7      | Noticed a troll
  5838 | D:7      | Killed a troll
  5968 | D:7      | Reached XP level 10. HP: 75/79 MP: 14/16
  6016 | D:7      | Identified the +1 robe "Tasuwkad" {rF- rC+++ Str+3}
  6123 | D:7      | Found a shimmering blue altar of Sif Muna.
  6166 | D:7      | Found a sparkling altar of Nemelex Xobeh.
  6322 | D:8      | Found Usyatu's Elemental Accessories.
  6336 | D:8      | Bought a lightning rod (4/4) for 390 gold pieces
  6635 | D:8      | Noticed Harold
  6647 | D:8      | Killed Harold
  6648 | D:8      | Reached skill level 10 in Invocations
  6779 | D:8      | Reached *** piety under Qazlal
  6912 | D:8      | Found a basalt altar of Yredelemnul.
  7276 | D:9      | Identified the +1 leather armour "Lekomet" {rN+ Int+3}
  7298 | D:9      | Found a burning altar of Makhleb.
  7412 | D:9      | Found a sparkling altar of Nemelex Xobeh.
  7626 | D:10     | Entered Level 10 of the Dungeon
  7706 | D:10     | Found a radiant altar of Vehumet.
  7786 | D:10     | Found a runed translucent door.
  7788 | D:10     | Found a runed translucent door.
  7818 | D:10     | Noticed a kobold demonologist
  7853 | D:10     | Killed a kobold demonologist
  8020 | D:10     | Reached skill level 10 in Fighting
  8031 | D:10     | Reached XP level 11. HP: 53/92 MP: 18/18
  8037 | D:10     | Reached skill level 1 in Evocations
  8128 | D:10     | Reached skill level 2 in Evocations
  8169 | D:10     | Reached skill level 3 in Evocations
  8176 | D:10     | Reached **** piety under Qazlal
  8185 | D:10     | Reached skill level 4 in Evocations
  8617 | D:11     | Noticed Snorg
  8637 | D:11     | Killed Snorg
  8638 | D:11     | Reached skill level 5 in Evocations
  8713 | D:11     | Found Kymi's Armour Boutique.
  8791 | D:11     | Noticed a death yak
  8792 | D:11     | Noticed a death yak
  8815 | D:11     | Killed a death yak
  8816 | D:11     | Reached skill level 6 in Evocations
  8905 | D:11     | Killed a death yak
  8906 | D:11     | Reached skill level 7 in Evocations
  8963 | D:11     | Reached skill level 8 in Evocations
  9039 | D:11     | Reached skill level 9 in Evocations
  9099 | D:11     | Noticed an oklob plant
  9099 | D:11     | Noticed an oklob plant
  9223 | D:11     | Noticed Maurice
  9223 | D:11     | Noticed Nergalle
  9238 | D:11     | Killed Nergalle
  9246 | D:11     | Killed Maurice
  9247 | D:11     | Reached XP level 12. HP: 96/98 MP: 17/19
  9355 | D:11     | Reached skill level 10 in Evocations
  9355 | D:11     | Noticed a minotaur
  9370 | D:11     | Killed a minotaur
  9380 | D:11     | Reached skill level 11 in Evocations
  9449 | D:11     | Noticed a death yak
  9449 | D:11     | Noticed a minotaur
  9449 | D:11     | Noticed a death yak
  9479 | D:11     | Killed a minotaur
  9488 | D:11     | Killed a death yak
  9517 | D:11     | Killed a death yak
  9517 | D:11     | Reached ***** piety under Qazlal
  9589 | D:11     | Learned a level 4 spell: Hailstorm
  9593 | D:11     | Learned a level 3 spell: Frozen Ramparts
  9632 | D:11     | Noticed Grum
  9635 | D:11     | Noticed Erolcha
  9637 | D:11     | Killed Grum
  9642 | D:11     | Noticed a five-headed hydra
  9658 | D:11     | Noticed a two-headed ogre
  9659 | D:11     | Killed a 13-headed hydra
  9676 | D:11     | HP: 3/98 [two-headed ogre (17)]
  9681 | D:11     | HP: 3/98 [two-headed ogre (20)]
  9681 | D:11     | Mangled by a two-headed ogre

Illustrated notes

Levels and vault maps discovered:
D:1:      eino_arrival_cavern_e, layout_basic,
          shapermc_ecumenical_altar_starsandcircs, st_stairs_7
D:2:      layout_basic
D:3:      layout_basic, solitary_fountain, minivault_4
D:4:      layout_basic, nicolae_gozag_conspicuous_consumption,
          mainiacjoe_overflow_concentric_impassable, minmay_temple_entry_hall,
          gammafunk_ghost_necromancy, minmay_misc_feat_doors, st_stairs_13
D:5:      lemuel_ratsnest, layout_loops_cross, elyvilon_altar_5,
          uniq_prince_ribbit1, uniq_edmund
D:6:      layout_basic
D:7:      minmay_opposing_rooms, layout_rooms, nicolae_dithmenos_the_darkroom,
          lemuel_coloured_pillars_altar, mainiacjoe_overflow_catwalk,
          kennysheep_flooded_box, minmay_misc_feat_chi
D:8:      layout_loops_ring, yredelemnul_altar_generic, roderic_roman_lattice,
          minmay_splitting_lines, minivault_4, nicolae_elemental_shop,
          david_defended_altar_orc, uniq_harold
D:9:      layout_rooms, lemuel_tele_altar, mainiacjoe_overflow_cross_hatched,
          kennysheep_small_square
D:10:     lemuel_insect_pit, layout_rooms, nicolae_vehumet_radiance,
          special_room [special_room_bee], chequers_big_river
D:11:     fort_yaktaur, layout_loops_cross, dpeg_oklobed_lair, serial_shops,
          shop, bloody_trog, uniq_maurice, uniq_erolcha, uniq_snorg,
          uniq_nergalle, uniq_grum
Temple:   pdpol_scorched_temple

Skill      XL: |  1  2  3  4  5  6  7  8  9 10 11 12 |
---------------+-------------------------------------+-----
Polearms       | 5 7 8 10 | 10.3
Fighting       | 3 6 7 10 | 10.4
Dodging        | 5 9 10 | 10.2
Invocations    | 8 10 | 10.2
Evocations     | 9 11 | 11.1
Spellcasting   | 4 |  4.7
Throwing       | |  2.0

Action                   |  1- 3 |  4- 6 |  7- 9 | 10-12 || total
-------------------------+-------+-------+-------+-------++-------
Melee: Trident           |   105 |    27 |       |       ||   132
       Punch             |     1 |       |       |       ||     1
       Halberd           |       |    72 |   384 |   467 ||   923
       Tailslap          |       |       |       |    10 ||    10
Throw: Throwing net      |     2 |       |       |     1 ||     3
Invok: Upheaval          |       |       |       |     1 ||     1
  Use: Potion            |       |     2 |     4 |     6 ||    12
       Scroll            |       |     4 |     4 |    17 ||    25
 Stab: Sleeping          |       |     1 |     2 |       ||     3
Armor: Leather armour    |    20 |     9 |    54 |       ||    83
       Skin              |       |     5 |       |       ||     5
       Robe              |       |       |       |    67 ||    67
Dodge: Dodged            |    77 |    41 |   306 |   554 ||   978
       Repelled          |       |       |       |     3 ||     3
Block: Other             |       |       |    22 |    97 ||   119
